 Dungeon Crawl Stone Soup version 0.17.1-3-g152610e (webtiles) character file.

48 PossumBlood the Chopper (level 3, -3/31 HPs)
             Began as a Minotaur Fighter on Apr 19, 2016.
             Slain by a chaos spawn (15 damage)
             ... on level 1 of the Abyss.
             The game lasted 00:02:33 (1340 turns).

PossumBlood the Chopper (Minotaur Fighter)          Turns: 1340, Time: 00:02:33

Health: -3/31      AC:  6    Str: 21    XL:     3   Next: 50%
Magic:  2/2        EV:  7    Int:  5    God:
Gold:   141        SH:  9    Dex:  9    Spells: 0 memorised, 2 levels left

rFire  . . .     SeeInvis .     a - +1 war axe
rCold  . . .     Clarity  .     b - +0 scale mail
rNeg   . . .     SustAt   .     c - +0 shield
rPois  .         Gourm    .     (helmet restricted)
rElec  .         Spirit   .     (no cloak)
rCorr  .         Warding  .     (no gloves)
rMut   .         Stasis   .     (no boots)
MR     .....                    (no amulet)
Stlth  ..........               (no ring)
                                (no ring)

@: slowed, very slow, not resistant to hostile enchantments, extremely
unstealthy
A: retaliatory headbutt, horns 2
a: no special abilities


You were on level 1 of the Abyss.
You were not hungry.

You visited 1 branch of the dungeon, and saw 2 of its levels.
You visited the Abyss 1 time.

You collected 141 gold pieces.

Inventory:

Hand Weapons
 a - a +1 war axe (weapon)
 h - a cursed -3 mace
Missiles
 o - 3 tomahawks (quivered)
Armour
 b - a +0 scale mail (worn)
 c - a +0 shield (worn)
Scrolls
 f - 2 scrolls of remove curse
 k - 2 scrolls of identify
 m - a scroll of recharging {unknown}
 n - a scroll of noise {unknown}
Potions
 d - a potion of might
 e - a potion of mutation {unknown}
 g - a potion of degeneration {unknown}
 i - a potion of brilliance {unknown}
Comestibles
 j - a meat ration


   Skills:
 - Level 3.6 Fighting
 * Level 4.7 Axes
 - Level 3.6 Armour
 - Level 3.6 Shields


You had 2 spell levels left.
You didn't know any spells.

Dungeon Overview and Level Annotations

Branches:
Dungeon (2/15)

Altars:
Ashenzari
Elyvilon
Fedhas
Gozag
Nemelex Xobeh


Innate Abilities, Weirdness & Mutations

You reflexively headbutt those who attack you in melee.
You have a pair of horns on your head.


Message History

Read which item? (? for menu, Esc to quit)
As you read the scroll labeled VOENAG UHEWK, it crumbles to dust.
It is a scroll of enchant weapon.
Enchant which weapon? (? for menu, Esc to quit)
Your +0 war axe glows red for a moment.
Read which item? (? for menu, Esc to quit)
Okay, then.
The chaos spawn trumpets!
You hear a chilling moan.
The chaos spawn hits you!
You feel yourself slow down.
You slash the chaos spawn!
The chaos spawn is moderately wounded.
You block the chaos spawn's attack. The chaos spawn closely misses you.
You hit the chaos spawn but do no damage.
The chaos spawn is moderately wounded.
You block the chaos spawn's attack. x2
You slash the chaos spawn!
The chaos spawn is heavily wounded.
The chaos spawn closely misses you. The chaos spawn gores you!
Space warps horribly around you!
You die...

...#...#.....⌠ ...#
.. #.....#......
...... #.............
.....# #............
...# .
###..#.............#
#.#......... .... # #
#............... ...
....#.............. .
.#
##.#.#.@.............
## # ##3........
.....# # #.#.#.......
..# ..#........... ..
...##.#.#.#.##... !
.##. ##....# #.. ..
## #.. .. #.


You could see a chaos spawn.

Vanquished Creatures
  An adder (D:2)
  2 giant geckos
  4 hobgoblins
  3 kobolds
  3 quokkas (D:2)
  4 bats
  2 giant cockroaches
  9 goblins
  7 rats
35 creatures vanquished.

Notes
Turn   | Place    | Note
--------------------------------------------------------------
     0 | D:1      | PossumBlood the Minotaur Fighter began the quest for the Orb.
     0 | D:1      | Reached XP level 1. HP: 19/19 MP: 0/0
   422 | D:1      | Reached XP level 2. HP: 26/26 MP: 1/1
   711 | D:1      | Noticed an ogre
   711 | D:1      | Noticed an ogre
   714 | D:1      | Noticed an ogre
   715 | D:1      | Noticed an ogre
   716 | D:1      | Reached skill level 4 in Axes
   974 | D:2      | Reached XP level 3. HP: 28/31 MP: 2/2
  1271 | D:2      | Found a shattered altar of Ashenzari.
  1273 | D:2      | Found a white marble altar of Elyvilon.
  1274 | D:2      | Found an opulent altar of Gozag.
  1274 | D:2      | Found a sparkling altar of Nemelex Xobeh.
  1276 | D:2      | Found a blossoming altar of Fedhas.
  1310 | D:2      | Cast into the Abyss (kobold)
  1336 | Abyss:1  | Noticed a chaos spawn
  1340 | Abyss:1  | Slain by a chaos spawn

Action                   || total
-------------------------++-------
Melee: War axe           ||    83
  Use: Scroll            ||     3
  Eat: Bread ration      ||     1
